 Dungeon Crawl Stone Soup version 0.27.0-1-g7a089689b8 (console) character file.

Game seed: 11388988104141023616

268 jejorda2 the Chiller (level 6, -16/38 HPs)
             Began as a Kobold Ice Elementalist on July 31, 2021.
             Demolished by Edmund (18 damage)
             ... on level 4 of the Dungeon.
             The game lasted 00:10:08 (4641 turns).

jejorda2 the Chiller (Kobold Ice Elementalist)      Turns: 4641, Time: 00:10:08

Health: -16/38     AC:  4    Str:  8    XL:     6   Next: 45%
Magic:  12/18      EV: 14    Int: 16    God:
Gold:   278        SH:  0    Dex: 15    Spells: 5/9 levels left

rFire    . . .     SeeInvis .   a - +0 flail
rCold    . . .     Faith    .   (shield restricted)
rNeg     . . .     Spirit   .   o - +0 leather armour
rPois    .         Reflect  .   (no helmet)
rElec    .         Harm     .   l - +0 cloak
rCorr    +         Rampage  .   (no gloves)
Will     .....                  (no boots)
Stlth    +++.......             (no amulet)
HPRegen  0.12/turn              v - ring of resist corrosion
MPRegen  0.16/turn              w - ring of magical power

@: mighty, freezing walls
A: small, no large weapons, nightstalker 3
a: no special abilities


You were on level 4 of the Dungeon.
You visited 1 branch of the dungeon, and saw 4 of its levels.

You collected 278 gold pieces.

Inventory:

Hand Weapons
 a - a +0 flail (weapon)
 b - a +0 dagger
 q - a +0 whip
Missiles
 d - 175 stones
 f - 16 poisoned darts (quivered)
Armour
 i - a +0 robe
 l - a +0 cloak (worn)
 o - a +0 leather armour (worn)
Jewellery
 v - a ring of resist corrosion (left hand)
 w - a ring of magical power (right hand)
Scrolls
 c - 3 scrolls of vulnerability {unknown}
 g - 4 scrolls of summoning {unknown}
 h - 2 scrolls of enchant weapon {unknown}
 k - a scroll of holy word {unknown}
 n - a scroll of identify {unknown}
 r - a scroll of teleportation {unknown}
 s - a scroll of fog {unknown}
 u - a scroll of enchant armour {unknown}
Potions
 e - a potion of brilliance {unknown}
 j - a potion of cancellation {unknown}
 m - a potion of invisibility {unknown}
 p - a potion of berserk rage {unknown}
 t - a potion of ambrosia {unknown}


   Skills:
 + Level 3.8 Fighting
 * Level 3.3 Maces & Flails
 - Level 2.4 Dodging
 - Level 2.6 Stealth
 - Level 2.1 Spellcasting
 + Level 4.8 Ice Magic


You had 5 spell levels left.
You knew the following spells:

 Your Spells              Type           Power      Damage    Failure   Level
a - Freeze                Ice            68%        1d8       4%          1
b - Frozen Ramparts       Ice            34%        1d5       12%         3

Your spell library contained the following spells:

 Spells                   Type           Power      Damage    Failure   Level
 Ozocubu's Armour         Ice            17%        N/A       12%         3
 Hailstorm                Conj/Ice       9%         3d4       73%         4


Dungeon Overview and Level Annotations

Branches:
Dungeon (4/15)
 Temple: D:4-7

Altars:
Hepliaklqana
Nemelex Xobeh

Shops:
D:1 *

Annotations:
D:3 Grinder
D:4 Edmund


Innate Abilities, Weirdness & Mutations

You are small and have problems with some larger weapons.
You are completely attuned to the shadows.


Message History

Edmund says, "People think my brother is the best.
I think he's crazy."
Casting: Freeze (safe; 4% risk of failure)
Confirm with . or Enter, or press ? or * to list all spells.
Casting: Frozen Ramparts (dangerous; 12% risk of failure)
Press: ? - help, Dir - look around, f - activate The walls around you are covered in ice.
The wall freezes Edmund.
Edmund drinks a potion.
Edmund seems to grow stronger.
Unknown command.
You feel very mighty all of a sudden.
The wall freezes Edmund.
Casting: Frozen Ramparts (dangerous; 12% risk of failure)
Confirm with . or Enter, or press ? or * to list all spells.
Aiming: Freeze (safe; 4% risk of failure)
Press: ? - help, Shift-Dir - straight line, f - Edmund
Aim: Edmund, wielding a +0 dire flail of holy wrath and wearing a +0 ring mail (moderately wounded, strong)
You freeze Edmund.
Edmund is moderately wounded.
The wall freezes Edmund.
Edmund hits you with a +0 dire flail of holy wrath!
Casting: Freeze (safe; 4% risk of failure)
Confirm with . or Enter, or press ? or * to list all spells.
Aiming: Freeze (safe; 4% risk of failure)
Press: ? - help, Shift-Dir - straight line, f/p - Edmund
Aim: Edmund, wielding a +0 dire flail of holy wrath and wearing a +0 ring mail (heavily wounded, strong)
You freeze Edmund!
Edmund is heavily wounded.
The wall freezes Edmund.
Edmund hits you with a +0 dire flail of holy wrath!!
Ouch! That really hurt!
* * * LOW HITPOINT WARNING * * *
Casting: Freeze (safe; 4% risk of failure)
Confirm with . or Enter, or press ? or * to list all spells.
Aiming: Freeze (safe; 4% risk of failure)
Press: ? - help, Shift-Dir - straight line, f/p - Edmund
Aim: Edmund, wielding a +0 dire flail of holy wrath and wearing a +0 ring mail (severely wounded, strong)
You freeze Edmund.
Edmund is severely wounded.
The wall freezes Edmund.
Edmund hits you with a +0 dire flail of holy wrath!!
You die...

.........#......####..
.........#.........##
.........#..........#
.............#...###...
..........#.##....###.#
..........#........# ##
.(................†#
#...#@...........###
#..@#@..##.......#.###
.....##.###.........#.#
.....#####.............
..#### #...#...##....
.# ##.......##...
##..##..####. ########
##


You could see Edmund (strong).

Vanquished Creatures
  Sigmund (D:4)
  A hound (D:4)
  3 adders (D:3)
  An ufetubus (D:4)
  2 worms
  A dart slug (D:2)
  An orc (D:3)
  3 endoplasms
  A giant cockroach (D:2)
  7 goblins
  4 hobgoblins
  3 quokkas
  6 ball pythons
  2 bats (D:2)
  3 frilled lizards
  4 kobolds
  7 rats (D:1)
50 creatures vanquished.

Notes
Turn   | Place    | Note
-------+----------+-------------------------------------------
     0 | D:1      | jejorda2 the Kobold Ice Elementalist began the quest for
                  | the Orb.
     0 | D:1      | Reached XP level 1. HP: 10/10 MP: 3/3
   345 | D:1      | Reached skill level 1 in Fighting
   401 | D:1      | Found Warhuer's Assorted Antiques.
   504 | D:1      | Found a faded altar of an unknown god.
   526 | D:1      | Reached XP level 2. HP: 16/16 MP: 3/5
   589 | D:1      | Reached skill level 1 in Maces & Flails
  1710 | D:2      | Reached XP level 3. HP: 20/21 MP: 6/6
  1798 | D:2      | Learned a level 3 spell: Frozen Ramparts
  2656 | D:3      | Reached XP level 4. HP: 27/27 MP: 2/7
  3162 | D:3      | Noticed Grinder
  3307 | D:3      | Found a hazy altar of Hepliaklqana.
  3449 | D:3      | Found a sparkling altar of Nemelex Xobeh.
  4157 | D:4      | Noticed Sigmund
  4406 | D:4      | Killed Sigmund
  4407 | D:4      | Reached XP level 5. HP: 23/33 MP: 8/8
  4407 | D:4      | Reached XP level 6. HP: 27/38 MP: 9/9
  4631 | D:4      | Noticed Edmund
  4641 | D:4      | Demolished by Edmund

Illustrated notes

Levels and vault maps discovered:
D:1:      dpeg_arrival_ratfight, layout_loops_corners, serial_rivers,
          chequers_serial_rivers_micro_c, chequers_serial_rivers_small_a,
          chequers_serial_rivers_large_b, chequers_serial_rivers_micro_c,
          chequers_serial_rivers_room_a, chequers_serial_rivers_micro_d,
          serial_shops, shop, shapermc_ecumenical_altar_mp_vishouse
D:2:      layout_loops_cross, minmay_tetromino_t4
D:3:      layout_basic, mainiacjoe_overflow_catwalk_spiral, uniq_grinder
D:4:      layout_cave_pools, uniq_sigmund, uniq_edmund

Skill      XL: |  1  2  3  4 |
---------------+-------------+-----
Fighting       | 1 2 3 |  3.8
Maces & Flails | 1 3 |  3.3
Dodging        | |  2.4
Stealth        | |  2.6
Spellcasting   | |  2.1
Ice Magic      | |  4.8

Action                   |  1- 3 |  4- 6 || total
-------------------------+-------+-------++-------
Melee: Whip              |    22 |       ||    22
       Flail             |    21 |    21 ||    42
Throw: Dart              |     4 |       ||     4
 Cast: Freeze            |    42 |    28 ||    70
       Frozen Ramparts   |       |     1 ||     1
  Use: Potion            |       |     1 ||     1
 Stab: Sleeping          |    11 |     5 ||    16
Armor: Robe              |     6 |       ||     6
       Leather armour    |     4 |     7 ||    11
Dodge: Dodged            |    53 |    24 ||    77
